 Dungeon Crawl Stone Soup version 0.20-a0-550-gf70bbbc (console) character file.

126 nht the Spear-Bearer (level 5, -2/41 HPs)
             Began as a Merfolk Berserker on Feb 2, 2017.
             Was a Believer of Trog.
             Slain by Grinder (4 damage)
             ... on level 4 of the Dungeon.
             The game lasted 00:02:16 (1981 turns).

nht the Spear-Bearer (Merfolk Berserker)            Turns: 1981, Time: 00:02:17

Health: -2/41      AC:  2    Str: 17    XL:     5   Next: 9%
Magic:  5/5        EV: 13    Int:  6    God:    Trog [**....]
Gold:   134        SH:  0    Dex: 15    Spells: 4/4 levels left

rFire    . . .     SeeInvis .   a - +0 spear
rCold    . . .     Gourm    .   b - +0 animal skin
rNeg     . . .     Faith    .   (no shield)
rPois    .         Spirit   .   (no helmet)
rElec    .         Reflect  .   (no cloak)
rCorr    .         Harm     .   (no gloves)
MR       .....                  (no boots)
Stlth    ++........             (no amulet)
Regen    0.2/turn               r - +2 ring of slaying
                                o - ring of stealth

@: exhausted
A: change form in water, swift swim, stealthy swim
a: Berserk, Trog's Hand, Burn Spellbooks, Renounce Religion


You were on level 4 of the Dungeon.
You worshipped Trog.
Trog was pleased with you.
You were very hungry.

You visited 1 branch of the dungeon, and saw 4 of its levels.

You collected 134 gold pieces.

Inventory:

Hand Weapons
 a - a +0 spear (weapon)
Armour
 b - a +0 animal skin (worn)
Jewellery
 o - a ring of stealth (left hand)
 r - a +2 ring of slaying (right hand)
 t - an uncursed ring of ice {unknown}
Wands
 p - a wand of iceblast (4/15)
 u - a wand of lightning (6/15)
Scrolls
 e - 5 scrolls of identify {unknown}
 f - 4 scrolls of remove curse {unknown}
 h - a scroll of blinking {unknown}
 l - a scroll of recharging {unknown}
 m - a scroll of teleportation {unknown}
Potions
 g - 2 potions of heal wounds {unknown}
 i - a potion of mutation {unknown}
 j - 4 potions of curing
Books
 s - a book of Maledictions

   Spells                             Type                      Level
   a - Corona                         Hexes                        1
   b - Ensorcelled Hibernation        Hexes/Ice                    2
   c - Confuse                        Hexes                        3
   d - Tukima's Dance                 Hexes                        3
   e - Dazzling Spray                 Conjuration/Hexes            3
   Trog disapproves of the use of such an item.
Comestibles
 c - 4 bread rations
 d - a chunk of flesh
 k - a royal jelly
 q - 2 meat rations


   Skills:
 - Level 3.2 Fighting
 + Level 8.1 Polearms
 - Level 1.3 Armour
 - Level 2.6 Dodging


You had 4 spell levels left.
You didn't know any spells.

Dungeon Overview and Level Annotations

Branches:
Dungeon (4/15)
 Temple: D:4-7

Altars:
Cheibriados
Dithmenos
Makhleb
Ru
Yredelemnul

Annotations:
D:4 Grinder


Message History

You shrug off the repeated paralysis!
Grinder says, "I used to sell toenails on the black market."
Grinder gestures at you. Pain shoots through your body!
* * * LOW HITPOINT WARNING * * *
Grinder hits you.
* * * LOW HITPOINT WARNING * * *
You writhe in agony.
* * * LOW HITPOINT WARNING * * *
You can move again.
It was a potion of curing.
You feel better. Grinder hits you!
* * * LOW HITPOINT WARNING * * *
It was a potion of cancellation.
Your magical effects are unravelling.
You feel magically purged.
You feel yourself speed up. Grinder hits you.
* * * LOW HITPOINT WARNING * * *
You writhe in agony.
You die... ███.█████████ █...........█ █████

█...........█
█.<.█
█...........█
█...█
█...........█
█...█
█...........█
█...█
█...........█
█...█
█......5....█
█...█
█......@....█
█...█


███'█████████ ██'██ █.█ █.█ █.█ █.█ █.█ █.█ █.█ █.█ █.█ █.█ █.█ █.███████.█ You
could see Grinder.

Vanquished Creatures
  An iguana (D:4)
  4 adders
  An ooze (D:3)
  2 worms
  A dart slug (D:1)
  A leopard gecko (D:1)
  2 ball pythons
  4 goblins
  4 hobgoblins
  9 jackals (D:1)
  2 quokkas (D:2)
  3 bats
  2 frilled lizards
  9 kobolds
  8 rats
53 creatures vanquished.

Notes
Turn   | Place    | Note
-------+----------+-------------------------------------------
     0 | D:1      | nht the Merfolk Berserker began the quest for the Orb.
     0 | D:1      | Reached XP level 1. HP: 18/18 MP: 1/1
    76 | D:1      | Reached skill level 5 in Polearms
    86 | D:1      | Reached XP level 2. HP: 17/24 MP: 2/2
   364 | D:1      | Reached XP level 3. HP: 7/29 MP: 3/3
   365 | D:1      | Reached skill level 6 in Polearms
   772 | D:2      | Reached ** piety under Trog
   830 | D:2      | Found a basalt altar of Yredelemnul.
   831 | D:2      | Found a shadowy altar of Dithmenos.
   833 | D:2      | Found a burning altar of Makhleb.
   861 | D:2      | Found a shadowy altar of Dithmenos.
   982 | D:2      | Reached skill level 7 in Polearms
   982 | D:2      | Reached XP level 4. HP: 16/35 MP: 4/4
  1421 | D:3      | Found a snail-covered altar of Cheibriados.
  1421 | D:3      | Found a sacrificial altar of Ru.
  1931 | D:4      | Reached skill level 8 in Polearms
  1931 | D:4      | Reached XP level 5. HP: 30/41 MP: 5/5
  1961 | D:4      | Noticed Grinder
  1973 | D:4      | Paralysed by Grinder for 7 turns
  1979 | D:4      | HP: 2/41 [Grinder (3)]
  1981 | D:4      | Slain by Grinder

Vault maps used:
D:1:      minmay_arrival_solitary_statue
D:2:      gammafunk_temple_overflow_forgotten, nicolae_dithmenos_shadow_blocks
D:3:      grunt_temple_overflow_open
D:4:      uniq_grinder

Skill      XL: |  1  2  3  4 |
---------------+-------------+-----
Polearms       | 5 7 8 |  8.1
Fighting       | |  3.2
Armour         | |  1.3
Dodging        | |  2.6

Action                   |  1- 3 |  4- 6 || total
-------------------------+-------+-------++-------
Melee: Spear             |   122 |    64 ||   186
Invok: Berserk           |     1 |     1 ||     2
  Use: Potion            |       |     2 ||     2
 Stab: Sleeping          |     1 |     3 ||     4
  Eat: Chunk             |     1 |     3 ||     4
Armor: Animal skin       |    14 |     2 ||    16
Dodge: Dodged            |    68 |    22 ||    90
